 Dungeon Crawl Stone Soup version 0.29-a0-82-g837932c90e (webtiles) character file.

Game seed: 662214014489036550

31 lordive the Grasshopper (level 3, 0/18 HPs)
             Began as a Spriggan Warper on Feb 5, 2022.
             Slain by an adder (1 damage)
             ... on level 3 of the Dungeon.
             The game lasted 00:02:04 (2110 turns).

lordive the Grasshopper (Spriggan Warper)           Turns: 2110, Time: 00:02:04

Health: 0/18       AC:  2    Str:  7    XL:     3   Next: 7%
Magic:  8/8        EV: 17    Int: 16    God:
Gold:   71         SH:  0    Dex: 14    Spells: 5/7 levels left

rFire   . . .      SeeInvis +   a - +0 short sword
rCold   . . .      Faith    .   (no shield)
rNeg    . . .      Spirit   .   b - +0 robe
rPois   .          Reflect  .   (helmet restricted)
rElec   .          Harm     .   e - scarf {repulsion}
rCorr   .          Rampage  .   (gloves unavailable)
Will    .....                   (boots unavailable)
Stlth   ++........              (no amulet)
HPRegen 0.06/turn               (no ring)
MPRegen 0.11/turn               (no ring)

@: attractive, repel missiles, very quick
A: very small, no large weapons, unfitting armour, see invisible, speed 3
a: no special abilities


You were on level 3 of the Dungeon.
You visited 1 branch of the dungeon, and saw 3 of its levels.

You collected 71 gold pieces.

Inventory:

Hand Weapons
 a - a +0 short sword (weapon)
Missiles
 d - 3 boomerangs of dispersal (quivered)
Armour
 b - a +0 robe (worn)
 e - a scarf of repulsion (worn)
Wands
 l - a wand of digging (2)
 p - a wand of polymorph (6)
Scrolls
 c - a scroll of blinking
 g - 2 scrolls of identify {unknown}
 h - a scroll of enchant armour {unknown}
 n - a scroll of brand weapon {unknown}
Potions
 f - a potion of attraction
 k - a potion of haste {unknown}
 m - a potion of might {unknown}
 o - a potion of mutation {unknown}


   Skills:
 + Level 1.8 Fighting
 + Level 2.8 Short Blades
 + Level 1.0 Throwing
 + Level 3.5 Dodging
 + Level 1.0 Stealth
 + Level 2.9 Spellcasting
 * Level 4.9 Translocations


You had 5 spell levels left.
You knew the following spells:

 Your Spells              Type           Power      Damage    Failure   Level
a - Blink                 Tloc           36%        N/A       3%          2

Your spell library contained the following spells:

 Spells                   Type           Power      Damage    Failure   Level
 Gell's Gravitas          Tloc           18%        N/A       8%          3
 Lesser Beckoning         Tloc           18%        N/A       8%          3
 Teleport Other           Tloc           18%        N/A       8%          3
 Manifold Assault         Tloc           18%        N/A       56%         5
 Dispersal                Tloc           9%         N/A       98%         6


Dungeon Overview and Level Annotations

Branches:
Dungeon (3/15)

Altars:


Innate Abilities, Weirdness & Mutations

You are very small and have problems with some larger weapons.
You are too small for most types of armour.
You have supernaturally acute eyesight. (SInv)
You cover ground extremely quickly. (Speed+++)


Message History

You are too injured to fight recklessly!
You are too injured to fight recklessly!
You are too injured to fight recklessly!
You are too injured to fight recklessly!
You are too injured to fight recklessly!
You are too injured to fight recklessly!
You are too injured to fight recklessly!
You are too injured to fight recklessly!
You are too injured to fight recklessly!
Unknown command.
You hit the adder but do no damage.
The adder is heavily wounded.
You feel sick. The adder closely misses you.
You hit the adder but do no damage.
The adder is heavily wounded.
You feel sick. The adder bites you.
* * * LOW HITPOINT WARNING * * *
You hit the adder.
The adder is heavily wounded.
You feel sick.
You are no longer poisoned.
The adder completely misses you. The adder bites you.
* * * LOW HITPOINT WARNING * * *
It was a potion of attraction.
You feel attractive to monsters. The adder closely misses you.
It was a potion of lignification.
You turn into a tree.
Your scarf of repulsion melds into your body.
Your +0 robe melds into your body.
The haze of the repulsion field disappears.
Your roots penetrate the ground.
The adder bites you but does no damage.
It was a potion of cancellation.
Your magical effects are unravelling.
You feel magically purged.
You feel less wooden.
Your scarf of repulsion unmelds from your body.
Your +0 robe unmelds from your body.
You are surrounded by a repulsion field.
The adder misses you. The adder bites you.
You die...

#### #.. ...
#S# #.# #S#
#.# #@# #.#
#.# #.# #.#
#.# #.# #.#
#.####.#####.#
#............#
######.#######
#.# #.#


You could see an adder and a ball python.

Vanquished Creatures
  2 dart slugs
  An orc (D:3)
  3 ball pythons
  A bat (D:3)
  2 giant cockroaches
  3 goblins
  2 hobgoblins (D:1)
  2 quokkas
  3 frilled lizards (D:1)
  3 kobolds (D:1)
  2 rats
24 creatures vanquished.

Notes
Turn   | Place    | Note
-------+----------+-------------------------------------------
     0 | D:1      | lordive the Spriggan Warper began the quest for the Orb.
     0 | D:1      | Reached XP level 1. HP: 10/10 MP: 5/5
   401 | D:1      | Reached XP level 2. HP: 9/14 MP: 6/6
   750 | D:1      | Learned a level 2 spell: Blink
  1974 | D:3      | Found a faded altar of an unknown god.
  2003 | D:3      | Reached XP level 3. HP: 18/18 MP: 8/8
  2086 | D:3      | Reached skill level 1 in Stealth
  2110 | D:3      | Slain by an adder

Illustrated notes

Levels and vault maps discovered:
D:1:      co_arrival_random_square_maze, layout_loops_ring,
          wander_ebering_terrifying_dragon_lair
D:2:      layout_basic
D:3:      layout_loops_ring, nicolae_overflow_ecumenical_swirl,
          ebering_ecumenical_altar_petrified, uniq_crazy_yiuf_cottage

Skill      XL: |  1  2  3 |
---------------+----------+-----
Stealth        | 1 |  1.0
Fighting       | |  1.8
Short Blades   | |  2.8
Throwing       | |  1.0
Dodging        | |  3.5
Spellcasting   | |  2.9
Translocations | |  4.9

Action                   || total
-------------------------++-------
Melee: Short sword       ||   121
Throw: Boomerang         ||     2
  Use: Potion            ||     3
 Stab: Sleeping          ||     4
Armor: Robe              ||     9
       Skin              ||     1
Dodge: Dodged            ||    80

Table legend: (Time is in decaauts)
 A = Elapsed time spent in this place.
 B = Non-inter-level travel time spent in this place.
 C = Inter-level travel time spent in this place.
 D = Time resting spent in this place.
 E = Time spent auto-exploring this place.
 F = Levels seen in this place.
 G = Mean time per level.
                   A        B        C        D        E       F      G
               +--------+--------+--------+--------+--------+-----+--------+
         Total |   1735 |   1722 |     13 |    438 |   1043 |   3 |  578.3 |
       Dungeon |   1735 |   1722 |     13 |    438 |   1043 |   3 |  578.3 |
               +--------+--------+--------+--------+--------+-----+--------+

Top non-repeatable levels by time:
     D:1: 950 daAuts
     D:3: 675 daAuts
     D:2: 109 daAuts
